badnik, neutral female scurrid Ranger ..W .@. --- badnik the Tenderfoot Experience level: 1 Strength: 14 Dexterity: 11 Constitution: 14 Intelligence: 11 Wisdom: 15 Charisma: 10 Health: 0(14) Energy: 2(2) Def: 3 Gold: 3749 Moves: 121 Dungeon seed: Pk71dujXJGOEKKqx Game ID: badnik_1498611130 Your Inventory: Coins $ - 3749 gold pieces Weapons b - a blessed +2 dart c - 27 uncursed +2 darts d - 16 uncursed +0 darts Armor e - an uncursed +2 cloak of displacement (being worn) Comestibles f - 4 uncursed chestnuts Potions h - a blessed potion of healing Wands g - an uncursed wand of slow monster (0:3) Spells and supernatural/magical abilities: Name Level Category Fail Memory W - pray for help -- divine ? -- Your skills at the end: Miscellaneous Skills wands [Basic] Weapon Skills dart [Basic] Spellcasting Skills Final Attributes: You were devoutly aligned. You had automatic searching. You had infravision. You were displaced. You were very stealthy. You are dead. Voluntary challenges: You went without food. You did not adorn yourself with jewelry or accessories. You did not cause conflict. You were not invisible. You did not have reflection. You were an atheist. You never hit with a wielded weapon. You were a pacifist. You did not use tools. You did not use plumbed fixtures. You did not drink any magical draughts. You were illiterate. You never genocided any monsters. You never polymorphed an object. You never changed form. You used no wishes. You never split a pudding. You never wrote Elbereth's name. You never violated your personal moral code. Dungeon overview: The Dungeons of Doom: levels 1 to 21 Level 1 a long staircase Level 2 Level 3 a fountain Level 4 Level 5 a fountain Level 6 Level 7 Level 8 Level 9 Level 10 Level 11 Level 12 Level 13 Level 14 Level 15 Level 16 Level 17 Level 18 Level 19 Level 20 Level 21 <- You were here History has recorded: On T:1 you entered the Dungeons of Doom to retrieve the Amulet of Yendor! On T:10 you reached level 2 of The Dungeons of Doom. On T:14 you reached level 3 of The Dungeons of Doom. On T:18 you reached level 4 of The Dungeons of Doom. On T:23 you reached level 5 of The Dungeons of Doom. On T:28 you reached level 6 of The Dungeons of Doom. On T:30 you reached level 7 of The Dungeons of Doom. On T:42 you reached level 8 of The Dungeons of Doom. On T:46 you reached level 9 of The Dungeons of Doom. On T:50 you reached level 10 of The Dungeons of Doom. On T:55 you reached level 11 of The Dungeons of Doom. On T:60 you reached level 12 of The Dungeons of Doom. On T:72 you reached level 13 of The Dungeons of Doom. On T:83 you reached level 15 of The Dungeons of Doom. On T:88 you reached level 16 of The Dungeons of Doom. On T:93 you reached level 17 of The Dungeons of Doom. On T:103 you reached level 18 of The Dungeons of Doom. On T:103 you entered the Rogue tribute level. On T:109 you reached level 19 of The Dungeons of Doom. On T:114 you reached level 20 of The Dungeons of Doom. On T:120 you reached level 21 of The Dungeons of Doom. Score breakdown: Gold: 3749 ( 374 points) Experience: 1 level ( 0 points) Exploration: 21 levels ( 600 points) Discoveries: 1 item ( 50 points) Variety of kills: 0 monsters ( 0 points) Major goal: (nothing yet) ( 0 points) Survival: died (score multiplied by 3) Total score: 3072 Latest messages: You continue digging downward. You dig a hole through the floor. You fall through... That command is only available in debug mode. You start digging downward. You continue digging downward. You dig a pit in the floor. You are still in a pit. You continue digging downward. You dig a hole through the floor. You fall through... You start digging downward. (2x) You continue digging downward. You dig a pit in the floor. You are still in a pit. You continue digging downward. You dig a hole through the floor. You fall through... The wraith touches you! You start digging downward. The wraith touches you! You die... Your body rises from the dead as a wraith... Final status: Goodbye badnik the Ranger, killed by a wraith... You died in The Dungeons of Doom on dungeon level 21 with 3072 points, and 3749 pieces of gold, after 121 moves. You were level 1 with a maximum of 14 hit points when you died.